NCAA
PURDUE BOILERMAKERS @ TEXAS CHRISTIAN HORNED FROGS
05/02/2027
 
TOP OF THE 1ST
Purdue Boilermakers batting - Pitching for Texas Christian Horned Frogs : LHP Joe Roberts
Pitching: LHP Joe Roberts
Batting: RHB Javier Moreno 0-0: Called Strike
0-1: Foul Ball, location: 2F
0-2: Strikes out swinging
Batting: SHB Bryan Atkins 0-0: Foul Ball, location: 2F
0-1: Ball
1-1: Ball
2-1: Foul Ball, location: 2F
2-2: Ball
3-2: Foul Ball, location: 2F
3-2: Foul Ball, location: 2F
3-2: Strikes out swinging
Batting: LHB Rodney Harrison 0-0: Ball
1-0: Ground out 3-1 (Groundball, 34)
Top of the 1st over - 0 run(s), 0 hit(s), 0 error(s), 0 left on base; Purdue 0 - Texas Christian 0
BOTTOM OF THE 1ST
Texas Christian Horned Frogs batting - Pitching for Purdue Boilermakers : LHP Dave Stokes
Pitching: LHP Dave Stokes
Batting: LHB Winston Lewis 0-0: Ball
1-0: Foul Ball, location: 2F
1-1: Ball
2-1: Foul Ball, location: 2F
2-2: Ground out 4-3 (Groundball, 4)
Batting: RHB Stan Webb 0-0: Ball
1-0: Called Strike
1-1: Ball
2-1: Ball
3-1: Base on Balls
Batting: RHB Brad Ravenshaw 0-0: Called Strike
0-1: Ball
1-1: Fielders Choice at 2nd, 6-4 (Groundball, 6)
Batting: LHB Todd Gilliam 0-0: Ball
1-0: Called Strike
1-1: Ball
2-1: Called Strike
2-2: Fielders Choice at 2nd, 4-6 (Groundball, 34)
Bottom of the 1st over - 0 run(s), 0 hit(s), 0 error(s), 0 left on base; Purdue 0 - Texas Christian 0
TOP OF THE 2ND
Purdue Boilermakers batting - Pitching for Texas Christian Horned Frogs : LHP Joe Roberts
Batting: SHB Johnny Jackson 0-0: Foul Ball, location: 2F
0-1: Ball
1-1: Foul Ball, location: 2F
1-2: Foul Ball, location: 2F
1-2: Ball
2-2: Ground out 6-3 (Groundball, 6)
Batting: LHB Joe Kent 0-0: Foul Ball, location: 2F
0-1: Ball
1-1: Called Strike
1-2: Ball
2-2: Foul Ball, location: 2F
2-2: SOLO HOME RUN (Flyball, 9LD), Distance : 340 ft
Batting: RHB Joe Meads 0-0: Swinging Strike
0-1: Foul Ball, location: 2F
0-2: Foul Ball, location: 2F
0-2: Strikes out looking
Batting: RHB Jim MacAchounich 0-0: Ground out 4-3 (Groundball, 4D)
Top of the 2nd over - 1 run(s), 1 hit(s), 0 error(s), 0 left on base; Purdue 1 - Texas Christian 0
BOTTOM OF THE 2ND
Texas Christian Horned Frogs batting - Pitching for Purdue Boilermakers : LHP Dave Stokes
Batting: RHB Britt Short 0-0: Foul Ball, location: 2F
0-1: Ball
1-1: Called Strike
1-2: Foul Ball, location: 2F
1-2: Fly out, F9 (Flyball, 9S)
Batting: RHB Stan Davis 0-0: Ball
1-0: Foul Ball, location: 2F
1-1: Ball
2-1: Foul Ball, location: 2F
2-2: Ball
3-2: Strikes out swinging
Batting: RHB Jeff Byford 0-0: Ball
1-0: Called Strike
1-1: Swinging Strike
1-2: Strikes out swinging
Bottom of the 2nd over - 0 run(s), 0 hit(s), 0 error(s), 0 left on base; Purdue 1 - Texas Christian 0
TOP OF THE 3RD
Purdue Boilermakers batting - Pitching for Texas Christian Horned Frogs : LHP Joe Roberts
Batting: RHB Bill Gilmore 0-0: Foul Ball, location: 2F
0-1: Swinging Strike
0-2: Strikes out looking
Batting: SHB Darren Campbell 0-0: Ball
1-0: Swinging Strike
1-1: Ground out 1-3 (Groundball, 15S)
Batting: RHB Javier Moreno 0-0: Fly out, F8 (Flyball, 78XD)
Top of the 3rd over - 0 run(s), 0 hit(s), 0 error(s), 0 left on base; Purdue 1 - Texas Christian 0
BOTTOM OF THE 3RD
Texas Christian Horned Frogs batting - Pitching for Purdue Boilermakers : LHP Dave Stokes
Batting: SHB Troy Perkins 0-0: Ball
1-0: Called Strike
1-1: Foul Ball, location: 2F
1-2: Ball
2-2: Ball
3-2: Strikes out swinging, 2-3 out at first.
Batting: LHB Paul Lee 0-0: Called Strike
0-1: Called Strike
0-2: Ball
1-2: SINGLE (Groundball, 15S) (infield hit)
Batting: LHB Winston Lewis 0-0: Ball
1-0: Called Strike
1-1: Ball
2-1: Foul Ball, location: 2F
2-2: Foul Ball, location: 2F
2-2: Foul Ball, location: 2F
2-2: Strikes out looking
Paul Lee steals 2nd base
Batter strikes out.
Batting: RHB Stan Webb 0-0: Ball
1-0: Swinging Strike
1-1: Foul Ball, location: 2F
1-2: Foul Ball, location: 2F
1-2: Ball
2-2: SINGLE (Groundball, 56D)
Paul Lee to third
Runner from 3rd tries for Home, SAFE, no throw
Batting: RHB Brad Ravenshaw 0-0: Called Strike
0-1: Foul Ball, location: 2F
0-2: Hit by Pitch
Stan Webb to second
Batting: LHB Todd Gilliam 0-0: Ball
1-0: Foul Ball, location: 2F
1-1: DOUBLE (Flyball, 78D)
Stan Webb scores
Brad Ravenshaw to third
Batting: RHB Britt Short 0-0: Ball
1-0: Foul Ball, location: 2F
1-1: Called Strike
1-2: Ball
2-2: 3-RUN HOME RUN (Flyball, 78XD), Distance : 431 ft
Batting: RHB Stan Davis 0-0: Ball
1-0: Swinging Strike
1-1: Swinging Strike
1-2: Ball
2-2: Strikes out swinging
Bottom of the 3rd over - 5 run(s), 4 hit(s), 0 error(s), 0 left on base; Purdue 1 - Texas Christian 5
TOP OF THE 4TH
Purdue Boilermakers batting - Pitching for Texas Christian Horned Frogs : LHP Joe Roberts
Batting: SHB Bryan Atkins 0-0: Swinging Strike
0-1: Ball
1-1: Foul Ball, location: 2F
1-2: Foul Ball, location: 2F
1-2: Ball
2-2: Strikes out swinging
Batting: LHB Rodney Harrison 0-0: Called Strike
0-1: Ball
1-1: Foul Ball, location: 2F
1-2: Foul Ball, location: 2F
1-2: Strikes out swinging
Batting: SHB Johnny Jackson 0-0: Ball
1-0: Called Strike
1-1: Ball
2-1: Ball
3-1: Base on Balls
Batting: LHB Joe Kent 0-0: Ball
1-0: Ball
2-0: Called Strike
2-1: Ball
3-1: Foul Ball, location: 2F
3-2: Foul Ball, location: 2F
3-2: Base on Balls
Johnny Jackson to second
Batting: RHB Joe Meads 0-0: Called Strike
0-1: Ball
1-1: Hit by Pitch
Johnny Jackson to third
Joe Kent to second
Batting: RHB Jim MacAchounich 0-0: SINGLE (Line Drive, 78M)
Johnny Jackson scores
Joe Kent to third
Joe Meads to second
Runner from 3rd tries for Home, SAFE, no throw
Batting: RHB Bill Gilmore 0-0: Swinging Strike
0-1: Ball
1-1: Called Strike
1-2: Foul Ball, location: 2F
1-2: Fly out, F5 (Popup, 56)
Top of the 4th over - 2 run(s), 1 hit(s), 0 error(s), 2 left on base; Purdue 3 - Texas Christian 5
BOTTOM OF THE 4TH
Texas Christian Horned Frogs batting - Pitching for Purdue Boilermakers : LHP Dave Stokes
Batting: RHB Jeff Byford 0-0: Ball
1-0: Ball
2-0: Ball
3-0: Called Strike
3-1: Foul Ball, location: 2F
3-2: Foul Ball, location: 2F
3-2: Fly out, F4 (Popup, 4S)
Pitching: RHP Bob Dickerson
Batting: SHB Troy Perkins 0-0: Called Strike
0-1: Ball
1-1: Ball
2-1: Ground out U3 (Groundball, 3)
Batting: LHB Paul Lee 0-0: Swinging Strike
0-1: Swinging Strike
0-2: Strikes out swinging
Bottom of the 4th over - 0 run(s), 0 hit(s), 0 error(s), 0 left on base; Purdue 3 - Texas Christian 5
TOP OF THE 5TH
Purdue Boilermakers batting - Pitching for Texas Christian Horned Frogs : LHP Joe Roberts
Batting: SHB Darren Campbell 0-0: Ball
1-0: Ball
2-0: Foul Ball, location: 2F
2-1: Ground out 5-3 (Groundball, 56)
Batting: RHB Javier Moreno 0-0: Ball
1-0: Foul Ball, location: 2F
1-1: Ground out 5-3 (Groundball, 5S)
Batting: SHB Bryan Atkins 0-0: Ball
1-0: Called Strike
1-1: Foul Ball, location: 2F
1-2: Strikes out swinging
Top of the 5th over - 0 run(s), 0 hit(s), 0 error(s), 0 left on base; Purdue 3 - Texas Christian 5
BOTTOM OF THE 5TH
Texas Christian Horned Frogs batting - Pitching for Purdue Boilermakers : RHP Bob Dickerson
Batting: LHB Winston Lewis 0-0: Ball
1-0: Ball
2-0: Ball
3-0: Base on Balls
Batting: RHB Stan Webb 0-0: Ball
1-0: Ball
2-0: Fly out, F8 (Flyball, 78M)
Batting: RHB Brad Ravenshaw 0-0: Ball
1-0: Called Strike
1-1: Ball
2-1: Called Strike
2-2: Ball
3-2: SINGLE (Groundball, 56D)
Winston Lewis to second
Batting: LHB Todd Gilliam 0-0: SINGLE (Groundball, 6D)
Winston Lewis to third
Brad Ravenshaw to second
Batting: RHB Britt Short 0-0: Ball
1-0: Ball
2-0: Called Strike
2-1: Ball
3-1: Foul Ball, location: 2F
3-2: Foul Ball, location: 2F
3-2: Foul Ball, location: 2F
3-2: Foul Ball, location: 2F
3-2: Base on Balls
Winston Lewis scores
Brad Ravenshaw to third
Todd Gilliam to second
Batting: RHB Stan Davis 0-0: Ball
1-0: Foul Ball, location: 2F
1-1: SINGLE (Line Drive, 8LS)
Brad Ravenshaw scores
Todd Gilliam to third
Britt Short to second
Batting: RHB Jeff Byford 0-0: Called Strike
0-1: Ball
1-1: Ball
2-1: Grounds into double play, 6-4-3 (Groundball, 6)
Bottom of the 5th over - 2 run(s), 3 hit(s), 0 error(s), 2 left on base; Purdue 3 - Texas Christian 7
TOP OF THE 6TH
Purdue Boilermakers batting - Pitching for Texas Christian Horned Frogs : LHP Joe Roberts
Pitching: LHP Liam Frison
Batting: LHB Rodney Harrison 0-0: Ball
1-0: Foul Ball, location: 2F
1-1: SINGLE (Groundball, 34D)
Batting: SHB Johnny Jackson 0-0: Ball
1-0: Called Strike
1-1: Called Strike
1-2: Ball
2-2: Ball
3-2: Foul Ball, location: 2F
3-2: Foul Ball, location: 2F
3-2: Strikes out looking
Batting: LHB Joe Kent 0-0: Called Strike
0-1: Ball
1-1: Ball
2-1: Foul Ball, location: 2F
2-2: Ball
Rodney Harrison steals 2nd base
3-2: Foul Ball, location: 2F
3-2: Strikes out swinging
Batting: RHB Joe Meads 0-0: Called Strike
0-1: Foul Ball, location: 2F
0-2: Ground out 5-3 (Groundball, 56S)
Top of the 6th over - 0 run(s), 1 hit(s), 0 error(s), 1 left on base; Purdue 3 - Texas Christian 7
BOTTOM OF THE 6TH
Texas Christian Horned Frogs batting - Pitching for Purdue Boilermakers : RHP Bob Dickerson
Pitching: RHP Ron Williams
Batting: SHB Troy Perkins 0-0: Foul Ball, location: 2F
0-1: Ball
1-1: Ball
2-1: Swinging Strike
2-2: Strikes out looking
Batting: LHB Paul Lee 0-0: Ball
1-0: Ball
2-0: Foul Ball, location: 2F
2-1: Foul Ball, location: 2F
2-2: Strikes out swinging
Batting: LHB Winston Lewis 0-0: Called Strike
0-1: Called Strike
0-2: Ball
1-2: Ball
2-2: Foul Ball, location: 2F
2-2: SINGLE (Groundball, 34D)
Batting: RHB Stan Webb 0-0: Ball
1-0: Called Strike
1-1: Called Strike
1-2: Ball
2-2: Ball
Passed Ball!
Winston Lewis to second
3-2: Base on Balls
Batting: RHB Brad Ravenshaw 0-0: Called Strike
0-1: Ball
1-1: Called Strike
1-2: Foul Ball, location: 2F
1-2: Strikes out swinging
Bottom of the 6th over - 0 run(s), 1 hit(s), 0 error(s), 2 left on base; Purdue 3 - Texas Christian 7
TOP OF THE 7TH
Purdue Boilermakers batting - Pitching for Texas Christian Horned Frogs : LHP Liam Frison
Batting: RHB Jim MacAchounich 0-0: Called Strike
0-1: Called Strike
0-2: Ball
1-2: Strikes out swinging
Batting: RHB Bill Gilmore 0-0: Called Strike
0-1: Swinging Strike
0-2: Ground out 4-3 (Groundball, 4)
Batting: SHB Darren Campbell 0-0: Ball
1-0: Ball
2-0: Foul Ball, location: 2F
2-1: Foul Ball, location: 2F
2-2: Strikes out looking
Top of the 7th over - 0 run(s), 0 hit(s), 0 error(s), 0 left on base; Purdue 3 - Texas Christian 7
BOTTOM OF THE 7TH
Texas Christian Horned Frogs batting - Pitching for Purdue Boilermakers : RHP Ron Williams
Batting: LHB Todd Gilliam 0-0: Called Strike
0-1: Foul Ball, location: 2F
0-2: Ball
1-2: Foul Ball, location: 2F
1-2: Hit by Pitch
Batting: RHB Britt Short 0-0: Swinging Strike
0-1: Swinging Strike
0-2: Strikes out swinging
Batting: RHB Stan Davis 0-0: Called Strike
0-1: Fly out, F4 (Popup, 34D)
Batting: RHB Jeff Byford 0-0: Ball
1-0: Ball
2-0: Ball
3-0: Called Strike
3-1: Called Strike
3-2: Base on Balls
Todd Gilliam to second
Batting: SHB Troy Perkins 0-0: Foul Ball, location: 2F
0-1: Ball
1-1: Called Strike
1-2: Strikes out swinging
Bottom of the 7th over - 0 run(s), 0 hit(s), 0 error(s), 2 left on base; Purdue 3 - Texas Christian 7
TOP OF THE 8TH
Purdue Boilermakers batting - Pitching for Texas Christian Horned Frogs : LHP Liam Frison
Batting: RHB Javier Moreno 0-0: Swinging Strike
0-1: Ball
1-1: Ball
2-1: Foul Ball, location: 2F
2-2: Strikes out swinging
Batting: SHB Bryan Atkins 0-0: Ball
1-0: Foul Ball, location: 2F
1-1: DOUBLE (Flyball, 9LM)
Batting: LHB Rodney Harrison 0-0: Foul Ball, location: 2F
0-1: Ball
1-1: Called Strike
1-2: Strikes out swinging
Batting: SHB Johnny Jackson 0-0: Foul Ball, location: 2F
0-1: Ground out 6-3 (Groundball, 6)
Top of the 8th over - 0 run(s), 1 hit(s), 0 error(s), 1 left on base; Purdue 3 - Texas Christian 7
BOTTOM OF THE 8TH
Texas Christian Horned Frogs batting - Pitching for Purdue Boilermakers : RHP Ron Williams
Batting: LHB Paul Lee 0-0: Called Strike
0-1: Ground out U3 (Groundball, 34)
Batting: LHB Winston Lewis 0-0: Ball
1-0: Called Strike
1-1: Fly out, F4 (Popup, 4)
Pitching: LHP Brian Connor
Batting: RHB Stan Webb 0-0: Ball
1-0: Called Strike
1-1: Foul Ball, location: 2F
1-2: Foul Ball, location: 2F
1-2: Ball
2-2: Ball
3-2: Foul Ball, location: 2F
3-2: Base on Balls
Pitching: LHP Neil White
Batting: RHB Brad Ravenshaw 0-0: SINGLE (Groundball, 6MD)
Stan Webb to second
Runner from 2nd tries for 3rd, SAFE, throw made to third
Brad Ravenshaw to second
Batting: LHB Todd Gilliam 0-0: Ball
1-0: Foul Ball, location: 2F
1-1: DOUBLE (Flyball, 8LD)
Stan Webb scores
Brad Ravenshaw scores
Batting: RHB Britt Short 0-0: Foul Ball, location: 2F
0-1: Swinging Strike
0-2: Foul Ball, location: 2F
0-2: Ground out 6-3 (Groundball, 6)
Bottom of the 8th over - 2 run(s), 2 hit(s), 0 error(s), 1 left on base; Purdue 3 - Texas Christian 9
TOP OF THE 9TH
Purdue Boilermakers batting - Pitching for Texas Christian Horned Frogs : LHP Liam Frison
Batting: LHB Joe Kent 0-0: Called Strike
0-1: Called Strike
0-2: Strikes out swinging
Batting: RHB Joe Meads 0-0: Called Strike
0-1: Ball
1-1: Ball
2-1: SINGLE (Flyball, 89S)
Batting: RHB Jim MacAchounich 0-0: Ball
1-0: Called Strike
1-1: Foul Ball, location: 2F
1-2: SINGLE (Flyball, 3D)
Joe Meads to second
Runner from 2nd tries for 3rd, SAFE, throw made to third
Pitching: RHP Brian López
Batting: RHB Bill Gilmore 0-0: Called Strike
0-1: Hit by Pitch
Jim MacAchounich to second
Batting: SHB Darren Campbell 0-0: Called Strike
0-1: Foul Ball, location: 2F
0-2: Ball
1-2: Ball
2-2: Fly out, F4 (Line Drive, 4)
Lined into DP, 4-6 (Line Drive, 4)
Top of the 9th over - 0 run(s), 2 hit(s), 0 error(s), 2 left on base; Purdue 3 - Texas Christian 9
Thursday, March 30th, 2017 - OOTP Baseball 17.12 Build 75